 Dungeon Crawl Stone Soup version 0.30-a0-782-ge64f9170bb (webtiles) character file.

Game seed: 2470118575361111060

3085 112233 the Ducker (level 9, -4/64 HPs)
             Began as an Octopode Fire Elementalist on Feb 25, 2023.
             Was an Initiate of Gozag.
             Slain by a two-headed ogre
             ... wielding a +0 giant club
              (28 damage)
             ... on level 8 of the Dungeon.
             The game lasted 00:17:37 (10362 turns).

112233 the Ducker (Octopode Fire Elementalist)     Turns: 10362, Time: 00:17:38

Health: -4/64      AC:  1    Str:  7    XL:     9   Next: 89%
Magic:  10/19      EV: 17    Int: 21    God:    Gozag
Gold:   596        SH:  0    Dex: 17    Spells: 10/22 levels left

rFire   . . .      SeeInvis .    l - +5 sling of Okoziegg {freeze, rPois rN+ rCorr Dex+4}
rCold   . . .      Faith    .    (no shield)
rNeg    + . .      Spirit   .    (helmet restricted)
rPois   +          Reflect  .    e - amulet of regeneration
rElec   .          Harm     .    A - ring of wizardry
rCorr   +          Rampage  .    (no ring)
Will    .....                    (no ring)
Stlth   +++                      (no ring)
HPRegen 1.10/turn                (no ring)
MPRegen 0.16/turn                (no ring)
                                 (no ring)
                                 (no ring)

@: no status effects
A: almost no armour, amphibious, 8 rings, camouflage 1, gelatinous body 1,
(nimble swimmer 1), tentacles
a: Renounce Religion, Potion Petition, Call Merchant, Bribe Branch


You were on level 8 of the Dungeon.
You worshipped Gozag.
Gozag was pleased with you.
You visited 1 branch of the dungeon, and saw 8 of its levels.
You also visited: Sewer.

You collected 933 gold pieces.
You spent 229 gold pieces at shops.
You paid 108 gold pieces to Gozag.

Inventory:

Hand Weapons
 d - a +0 dagger
 l - the +5 sling of Okoziegg (weapon) {freeze, rPois rN+ rCorr Dex+4}
   (You found it on level 2 of the Dungeon)

   Dex:       It affects your dexterity (+4).
   rPois:     It protects you from poison.
   rN:        It protects you from negative energy.
   rCorr:     It protects you from acid and corrosion.
Missiles
 n - 3 atropa-tipped darts
 r - 18 poisoned darts
Jewellery
 e - an amulet of regeneration (around mantle)
 A - a ring of wizardry (left tentacle)
Wands
 i - a wand of iceblast (6)
 x - a wand of charming (3)
 H - a wand of polymorph (12)
Scrolls
 c - 2 scrolls of fog
 f - 2 scrolls of enchant weapon
 g - 2 scrolls of noise
 h - 7 scrolls of teleportation
 j - 3 scrolls of identify
 k - a scroll of enchant armour
 m - 4 scrolls of silence
 p - a scroll of poison
 q - 2 scrolls of summoning
 t - 3 scrolls of vulnerability
 u - 2 scrolls of blinking
 v - a scroll of torment
 y - a scroll of magic mapping
 B - 2 scrolls of amnesia
Potions
 a - a potion of magic
 b - a potion of resistance
 o - a potion of might {unknown}
 s - 3 potions of flight
 w - 2 potions of curing
 z - 2 potions of degeneration
 C - a potion of berserk rage {unknown}
 E - a potion of brilliance {unknown}
 F - a potion of attraction {unknown}
 G - a potion of heal wounds


   Skills:
 + Level 7.4 Fighting
 + Level 7.9 Dodging
 - Level 2.7 Stealth
 + Level 7.2 Spellcasting
 + Level 2.0 Conjurations
 + Level 3.5 Fire Magic


You had 10 spell levels left.
You knew the following spells:

 Your Spells              Type           Power      Damage    Failure   Level
a - Foxfire               Conj/Fire      76%        2x1d7     1%          1
b - Scorch                Fire           44%        2d7       1%          2
c - Kindle Blastsparks    Fire/Tloc/Air  24%        2d12      6%          3
d - Flame Wave            Conj/Fire      19%        2d7       12%         4
e - Passwall              Tmut/Erth      5%         N/A       5%          2

Your spell library contained the following spells:

 Spells                   Type           Power      Damage    Failure   Level
 Summon Small Mammal      Summ           28%        N/A       3%          1
 Ensorcelled Hibernation  Hex/Ice        14%        N/A       5%          2
 Inner Flame              Hex/Fire       15%        N/A       5%          3
 Call Canine Familiar     Summ           7%         N/A       11%         3
 Gell's Gravitas          Tloc           7%         N/A       11%         3
 Portal Projectile        Hex/Tloc       14%        N/A       11%         3
 Summon Guardian Golem    Hex/Summ       7%         N/A       11%         3
 Swiftness                Air            7%         N/A       11%         3
 Teleport Other           Tloc           7%         N/A       11%         3
 Tukima's Dance           Hex            7%         N/A       11%         3
 Blade Hands              Tmut           3%         N/A       65%         5
 Dispersal                Tloc           3%         N/A       99%         6


Dungeon Overview and Level Annotations

Branches:
Dungeon (8/15)             Temple (0/1) D:7           Sewer (visited)
   Lair: D:8-11

Altars:
Gozag
Hepliaklqana
Trog
Wu Jian
Xom

Shops:
D:1 =   D:7 =:!?

Annotations:
D:4 exclusion: downstairs
D:6 exclusion: 2 downstairs
D:7 exclusion: downstairs


Innate Abilities, Weirdness & Mutations

You cannot wear most types of armour.
You are amphibious.
You can wear up to eight rings at the same time.
Your skin changes colour to match your surroundings (Stealth+).
Your rubbery body absorbs attacks. (AC +1, EV +1)
((You are camouflaged when in or above water. (Stealth+)))
You have tentacles for arms and can constrict up to eight enemies at once.


Message History

Confirm with . or Enter, or press ? or * to list all spells.
You can't see any susceptible monsters within range! (Use Z to cast anyway.)
Casting: Kindle Blastsparks (dangerous; 6% risk of failure)
Confirm with . or Enter, or press ? or * to list all spells.
You conjure some foxfire!
The cloud of blastsparks explodes!
The concussive blast engulfs the two-headed ogre!!
The two-headed ogre is moderately wounded.
The concussive blast engulfs your foxfire.
Your foxfire completely resists.
The concussive blast engulfs your foxfire.
Your foxfire completely resists.
Your foxfire is knocked back by the blast.
The foxfire hits the two-headed ogre but does no damage.
The two-headed ogre is moderately wounded.
You hear an angry buzzing noise.
Casting: Foxfire (safe; 1% risk of failure)
Confirm with . or Enter, or press ? or * to list all spells.
Flames lash the two-headed ogre.
The two-headed ogre is moderately wounded.
The two-headed ogre's fire resistance burns away.
The foxfire hits the two-headed ogre!
The two-headed ogre is burned terribly!
The two-headed ogre is heavily wounded.
The two-headed ogre completely misses you.
The two-headed ogre barely misses you.
Unknown command.
Casting: Scorch (safe; 1% risk of failure)
Confirm with . or Enter, or press ? or * to list all spells.
Flames lash the two-headed ogre.
The two-headed ogre is burned terribly!
The two-headed ogre is severely wounded.
The two-headed ogre misses you.
The two-headed ogre hits you with a +0 giant club!
Unknown command.
Casting: Scorch (safe; 1% risk of failure)
Confirm with . or Enter, or press ? or * to list all spells.
Flames lash the two-headed ogre.
The two-headed ogre is burned terribly!
The two-headed ogre is severely wounded.
The two-headed ogre hits you with a +0 giant club!! x2
You die...
Your body crumbles into a pile of gold.

$ ...# ## .(..# #.###
.....# ....
......##...
......#...#
..........# ..
......(..# ......
##....@#
......##..##.O#
......#..####.#
..............#
.............=##.#...
.....................
#.....<.......##O.
#..>...#####...#
##..)### ...#


You could see a two-headed ogre (combustible).

Vanquished Creatures
  Prince Ribbit (D:5)
  A water moccasin (D:5)
  2 sky beasts (D:7)
  An orc warrior (D:6)
  2 black bears
  2 ice beasts
  An ogre (D:5)
  2 centaurs (D:7)
  A kobold brigand (D:6)
  Blork the orc (D:5)
  A necrophage (D:4)
  5 bullfrogs
  3 scorpions
  5 wights (D:7)
  4 howler monkeys
  2 jellies
  6 hounds
  An orc priest (D:8)
  4 iguanas
  3 orc wizards
  Robin (D:4)
  13 adders
  A shadow imp (D:5)
  4 white imps
  2 ufetubi
  3 worms
  A dart slug (D:3)
  29 orcs
  13 ball pythons
  9 endoplasms
  12 giant cockroaches
  9 goblins
  12 hobgoblins
  4 jackals (D:1)
  11 quokkas
  5 bats
  9 frilled lizards
  11 kobolds
  5 rats
202 creatures vanquished.

Vanquished Creatures (others)
  An orc wizard (D:6)
  558 foxfires
559 creatures vanquished.

Grand Total: 761 creatures vanquished

Notes
Turn   | Place    | Note
-------+----------+-------------------------------------------
     0 | D:1      | 112233 the Octopode Fire Elementalist began the quest for
                  | the Orb.
     0 | D:1      | Reached XP level 1. HP: 11/11 MP: 3/3
     2 | D:1      | Found Zufate's Jewellery Emporium.
   371 | D:1      | Reached XP level 2. HP: 18/18 MP: 1/5
   628 | D:1      | Reached skill level 1 in Fighting
   631 | D:1      | Learned a level 2 spell: Scorch
   697 | D:1      | Found a faded altar of an unknown god.
   873 | D:1      | You fall into a shaft and drop 1 floor!
   885 | D:2      | Identified the +5 sling of Okoziegg {freeze, rPois rN+
                  | rCorr Dex+4}
   921 | D:2      | Reached XP level 3. HP: 23/23 MP: 0/6
  1185 | D:2      | Found a hazy altar of Hepliaklqana.
  1634 | D:2      | Reached XP level 4. HP: 29/29 MP: 4/8
  1777 | D:2      | Learned a level 3 spell: Kindle Blastsparks
  2480 | D:3      | Found a glowing drain.
  2500 | Sewer    | Entered a sewer
  2619 | Sewer    | Reached XP level 5. HP: 35/35 MP: 5/9
  3264 | Sewer    | Reached XP level 6. HP: 27/42 MP: 9/11
  4339 | D:4      | Found a shimmering altar of Xom.
  4446 | D:4      | Reached XP level 7. HP: 47/47 MP: 6/13
  4634 | D:4      | Learned a level 4 spell: Flame Wave
  4680 | D:4      | Found an ornate altar of the Wu Jian Council.
  4695 | D:4      | Noticed Robin
  4698 | D:4      | Killed Robin
  5043 | D:5      | Entered Level 5 of the Dungeon
  5051 | D:5      | Reached skill level 5 in Dodging
  5235 | D:5      | Noticed Prince Ribbit
  5245 | D:5      | Killed Prince Ribbit
  5246 | D:5      | Reached skill level 5 in Spellcasting
  5246 | D:5      | Reached XP level 8. HP: 54/54 MP: 5/15
  5511 | D:5      | Noticed Blork the orc
  5520 | D:5      | Killed Blork the orc
  5521 | D:5      | Reached skill level 5 in Fighting
  5579 | D:5      | Found an opulent altar of Gozag.
  5601 | D:5      | Became a worshipper of Gozag Ym Sagoz the Greedy
  7189 | D:6      | Reached XP level 9. HP: 57/62 MP: 0/18
  7740 | D:6      | Learned a level 2 spell: Passwall
  7796 | D:6      | Found a bloodstained altar of Trog.
  8414 | D:7      | Found Fezxosk's Jewellery Shop.
  8443 | D:7      | Found Ysusunn's Book Emporium.
  9268 | D:7      | Found Plog's Magic Scroll Shoppe.
  9276 | D:7      | Bought a scroll of teleportation for 45 gold pieces
  9276 | D:7      | Bought a scroll of identify for 30 gold pieces
  9276 | D:7      | Bought a scroll of summoning for 142 gold pieces
  9363 | D:7      | Found Cuonn's Distillery.
  9378 | D:7      | Bought a potion of degeneration for 12 gold pieces
  9627 | D:7      | Found a staircase to the Ecumenical Temple.
 10024 | D:8      | Noticed a two-headed ogre
 10362 | D:8      | Slain by a two-headed ogre

Illustrated notes

Levels and vault maps discovered:
D:1:      dpeg_arrival_tiny_a, layout_basic,
          shapermc_ecumenical_altar_totnotflames, serial_shops,
          nicolae_shop_statue_plus
D:2:      layout_loops_ring, basic_altar
D:3:      layout_basic, cheibrodos_sewer_entry_drain, grunt_ministairs_2
D:4:      layout_rooms, mainiacjoe_overflow_tiny_flanked,
          mainiacjoe_overflow_24_doors, uniq_robin
D:5:      layout_basic, mainiacjoe_overflow_boulevard, minmay_misc_feat_rugged,
          uniq_blork_the_orc, uniq_prince_ribbit1
D:6:      layout_loops_ring, lightli_temple_of_fire
D:7:      layout_cave_pools, minmay_temple_entry_poolview, serial_shops,
          nicolae_square_shop, nicolae_shop_window_shopping, shop,
          nicolae_square_shop, minivault_26
D:8:      layout_cave_pools, chequers_garden

Skill      XL: |  1  2  3  4  5  6  7  8  9 |
---------------+----------------------------+-----
Fighting       | 1 2 3 4 6 7 |  7.4
Dodging        | 3 4 5 6 7 |  7.9
Spellcasting   | 3 4 5 6 7 |  7.2
Conjurations   | 2 |  2.0
Stealth        | |  2.7
Fire Magic     | |  3.5

Action                     |  1- 3 |  4- 6 |  7- 9 || total
---------------------------+-------+-------+-------++-------
  Melee: Dagger            |    11 |       |       ||    11
         Constrict         |     1 |       |       ||     1
         Tentacles         |     1 |       |       ||     1
         Sling             |       |     1 |       ||     1
   Fire: Sling             |     9 |    10 |     8 ||    27
   Cast: Foxfire           |    49 |   139 |   134 ||   322
         Scorch            |    10 |    21 |   132 ||   163
         Kindle Blastspark |       |       |    11 ||    11
  Evoke: Wand              |       |       |     1 ||     1
    Use: Potion            |       |     3 |     3 ||     6
         Scroll            |       |       |    15 ||    15
   Stab: Sleeping          |     1 |       |       ||     1
 Armour: Skin              |       |     2 |     8 ||    10
  Dodge: Dodged            |    17 |    27 |   197 ||   241

Table legend: (Time is in decaauts)
 A = Elapsed time spent in this place.
 B = Non-inter-level travel time spent in this place.
 C = Inter-level travel time spent in this place.
 D = Time resting spent in this place.
 E = Time spent auto-exploring this place.
 F = Levels seen in this place.
 G = Mean time per level.
                   A        B        C        D        E       F      G
               +--------+--------+--------+--------+--------+-----+--------+
         Total |  10379 |  10081 |    298 |   1614 |   6774 |   9 | 1153.2 |
       Dungeon |   9526 |   9228 |    298 |   1569 |   6211 |   8 | 1190.8 |
         Sewer |    853 |    853 |      0 |     45 |    563 |   1 |  853.0 |
               +--------+--------+--------+--------+--------+-----+--------+

Top non-repeatable levels by time:
     D:6: 1935 daAuts
     D:5: 1586 daAuts
     D:4: 1403 daAuts
     D:7: 1343 daAuts
     D:2: 1240 daAuts
     D:1: 872 daAuts
   Sewer: 853 daAuts
     D:3: 847 daAuts
     D:8: 296 daAuts
